[Event "*** Titled Tuesday Blitz"]
[Site "Chess.com"]
[Date "2021.02.02"]
[Round "6"]
[White "dretch"]
[Black "Vugar_Manafov"]
[Result "1-0"]
[WhiteElo "2844"]
[BlackElo "2659"]
[TimeControl "180+1"]
[EndTime "11:09:08 PST"]
[Termination "dretch won by resignation"]

1. d4 Nf6 2. c4 e6 3. Nc3 Bb4 4.
Qc2 O-O 5. e4 d6 6. a3 Bxc3+ 7.
bxc3 e5 8. Bd3 Nc6 9. Ne2 h6 10.
O-O Re8 11. f4 exd4 12. cxd4 Bg4 13. Bb2 Qd7 14. Ng3 h5 15. d5 Ne7 16. e5 Nfxd5 17.
cxd5 Nxd5 18. Bh7+ Kh8 19. Bf5 Bxf5 20. Qxf5 Qxf5 21. Nxf5 dxe5 22. fxe5 Re6 23. Ng3 h4 24. Ne4 Kg8 25. Ng5 Rg6 26. Nf3 h3 27. g3 c6 28.
Rf2 Re8 29. Rd1 Re7 30. Rd4 Rh6 31. Rg4 Ne3 32. Ra4 a6 33. Bc1 Nd1 34. Bxh6 Nxf2 35. Bg5 f6 36. Kxf2 fxg5 37. Re4 Kf7 38. Nxg5+ Kg6 39.
Nxh3 Kf5 40. Kf3 Rxe5 41. g4+ Kf6 42. Rxe5 Kxe5 43. Nf4 c5 44. h4 b5 45. Ke3 c4 46.
Ne2 a5 47. Nd4 b4 48. axb4 a4 49. Nb5 Kd5 50. Nc3+ Kc6 51. Kd4 a3 52. Kxc4 g5 53.
h5 Kd6 54. h6 a2 55. Nxa2 1-0

[Event "*** Titled Tuesday Blitz"]
[Site "Chess.com"]
[Date "2021.02.02"]
[Round "6"]
[White "ohajek96"]
[Black "noblerone"]
[Result "0-1"]
[WhiteElo "2248"]
[BlackElo "2413"]
[TimeControl "180+1"]
[EndTime "11:09:08 PST"]
[Termination "noblerone won by resignation"]

1. e4 c5 2. Nf3 e6 3. d4 cxd4 4. Nxd4 Qb6 5. Nb3 Qc7 6. Nc3 a6 7. g3 b5 8. Bg2 Bb7 9. O-O d6 10.
Re1 Nf6 11. Bg5 Be7 12. Qe2 O-O 13. a3 Nc6 14. Rad1 Ne5 15. Bxf6 Bxf6 16. Nd2 Rac8 17. Kh1 Rfd8 18. f4 Nc4 19. Nxc4 bxc4 20. Qe3 h6 21. h4 Rb8 22. e5 Be7 23. exd6 Bxd6 24. Ne4 Bf8 25. b4 cxb3 26. cxb3 Bxa3 27. Rd3 Rxd3 28. Qxd3 Rd8 29. Qf3 Bd5 30. Qe3 Bb4 31. Rc1 Qe7 32.
Qd4 a5 33. Qe3 Qf8 34. Kh2 Rc8 35. Rxc8 Qxc8 36. Nd2 Qc2 37. Nf3 Bc5 38. Qe1 Bxf3 39. Qf1 Qxg2+ 40. Qxg2 Bxg2 41. Kxg2 Kf8 42. Kf3 Ke7 43. Ke4 Kd6 44. Kd3 f5 45. Kc4 Bb4 46.
Kb5 e5 47. fxe5+ Kxe5 48. h5 Ke4 49. Kc4 Kf3 50. Kd3 Kxg3 51. Ke2 Kg4 0-1

[Event "*** Titled Tuesday Blitz"]
[Site "Chess.com"]
[Date "2021.02.02"]
[Round "6"]
[White "fmshawnrl123"]
[Black "Smirnov_Pavel"]
[Result "0-1"]
[WhiteElo "2773"]
[BlackElo "2883"]
[TimeControl "180+1"]
[EndTime "11:09:09 PST"]
[Termination "Smirnov_Pavel won by resignation"]

1. e3 e6 2. Nf3 Nf6 3. Be2 d5 4. O-O Be7 5. c4 O-O 6. Nc3 dxc4 7. Bxc4 c5 8. d4 cxd4 9. Nxd4 Nbd7 10. Qe2 Ne5 11.
Bb3 Bd7 12. Rd1 Qb6 13. Bd2 Rac8 14. Be1 Rfd8 15. Rac1 a6 16. f4 Nc6 17. Bf2 Na5 18.
Bc2 Nc4 19. Rb1 Qc7 20. Ne4 Nd5 21. Bd3 b5 22. Rbc1 Qb7 23. b3 Na3 24. Ng5 Bxg5 25. fxg5 Nc3 26. Qb2 Nxd1 27. Rxd1 b4 28. h4 e5 29. Ne2 Bf5 30. Bxf5 Rxd1+ 31. Kh2 Re8 32. Ng3 Rdd8 33. Be4 Qd7 34. Qe2 Qd1 35. Qxa6 Qg4 36. h5 Qxg5 37. h6 Qxh6+ 38. Qxh6 gxh6 39. Nf5 Rd2 40. Bh4 Re6 41. Bf3 Rxa2 42. Bd5 Rb2 43. e4 Nb5 44.
Be1 Nc3 45. Bc4 Kf8 46. Bg3 Nxe4 47. Be1 Nc3 48. Ne3 e4 49. Bxe6 fxe6 50. Kg3 Rxb3 51. Kf4 Nd5+ 52. Nxd5 exd5 0-1

[Event "*** Titled Tuesday Blitz"]
[Site "Chess.com"]
[Date "2021.02.02"]
[Round "6"]
[White "dopolian"]
[Black "Julianos82"]
[Result "0-1"]
[WhiteElo "2430"]
[BlackElo "2313"]
[TimeControl "180+1"]
[EndTime "11:09:09 PST"]
[Termination "Julianos82 won by resignation"]

1. Nf3 c5 2. e3 Nc6 3. d4 d5 4. c4 Nf6 5. Nc3 cxd4 6. Nxd4 e6 7. cxd5 Nxd5 8. Nxd5 exd5 9. Be2 Bd6 10. O-O O-O 11. b3 Ne5 12. Bb2 a6 13. Nf3 Nc6 14. Qd2 Bf5 15. Nd4 Be4 16. Bf3 Re8 17. Bxe4 Rxe4 18. h3 Qg5 19. Nf3 Qh5 20. Rfd1 Ne7 21. Rac1 Re8 22.
Qe2 Ng6 23. Kf1 Nf4 24. Qd2 Nxg2 25. Kxg2 R8e6 26. Rg1 Rg6+ 27. Kf1 Qxf3 28. Rxg6 hxg6 29. Rc8+ Kh7 30. Ke1 d4 31. Bxd4 Qh1+ 32. Ke2 Qxh3 33. Rd8 Qg4+ 34. Kd3 Be5 35. Kc3 Bxd4+ 36. Rxd4 Rxd4 37.
Qxd4 Qxd4+ 38. Kxd4 g5 39. Kc5 f5 40. Kb6 f4 41. Kxb7 fxe3 42. fxe3 g4 43. Kxa6 g3 44. b4 g2 45. b5 g1=Q 46. b6 Qxe3 47. b7 Qd3+ 48.
Ka7 Qa3+ 49. Kb6 Qxa2 50. b8=Q Qb3+ 51. Kc7 0-1

[Event "*** Titled Tuesday Blitz"]
[Site "Chess.com"]
[Date "2021.02.02"]
[Round "6"]
[White "Blitzking642"]
[Black "FGHSMN"]
[Result "0-1"]
[WhiteElo "2473"]
[BlackElo "2636"]
[TimeControl "180+1"]
[EndTime "11:09:10 PST"]
[Termination "FGHSMN won on time"]

1. e4 c5 2. Nf3 e6 3. d4 cxd4 4. Nxd4 a6 5. c4 Nf6 6. Nc3 Qc7 7. Be2 Bb4 8. Qd3 Nc6 9. Nxc6 dxc6 10. O-O O-O 11.
Bg5 Be7 12. f4 h6 13. Bh4 Rd8 14. Qc2 e5 15. f5 Rb8 16. Kh1 Bd7 17. Rae1 Be8 18.
g4 b5 19. g5 hxg5 20. Bxg5 b4 21. Nb1 c5 22. Bf3 Bc6 23. Rg1 Rd4 24. Qg2 Ne8 25.
Be3 Rd6 26. Bxc5 Rh6 27. Be3 Rh7 28. Nd2 Nf6 29. Bg5 Rd8 30. Nb3 a5 31. Be3 a4 32.
Nd2 a3 33. b3 Rd3 34. Re2 Qd8 35. Rge1 Rc3 36. Bg1 Rc2 37. Nf1 Rc3 38. Rd2 Rd3 39. Rxd3 Qxd3 40. Qe2 Qxe2 41. Rxe2 Rh4 42. Ng3 Rf4 0-1

[Event "*** Titled Tuesday Blitz"]
[Site "Chess.com"]
[Date "2021.02.02"]
[Round "6"]
[White "tteshan"]
[Black "esrosenberg"]
[Result "0-1"]
[WhiteElo "2321"]
[BlackElo "2183"]
[TimeControl "180+1"]
[EndTime "11:09:10 PST"]
[Termination "esrosenberg won by checkmate"]

1. e4 e6 2. d4 d5 3. Nd2 c5 4. exd5 Qxd5 5. Ngf3 cxd4 6. Bc4 Qd6 7. O-O Nf6 8. Nb3 Nc6 9. Nbxd4 Nxd4 10. Nxd4 Be7 11. c3 O-O 12. Qf3 Qc7 13. Bd3 e5 14. Nf5 e4 15. Bxe4 Nxe4 16. Qxe4 Bf6 17. Bf4 Qb6 18. b3 Bxf5 19. Qxf5 Bxc3 20. Rac1 Bd4 21. Bc7 Qa6 22. Rfd1 Bf6 23. a4 Rac8 24. Rd6 Rxc7 25. Rxc7 Qxd6 26.
Rc1 g6 27. Qf3 Kg7 28. Qxb7 Rd8 29. h3 a5 30. Qb5 Qd2 31. Rf1 Rd5 32. Qb7 Rd3 33. Qb5 Bd4 34. Qc4 Qc3 35. Qb5 Qxb3 36. Qxa5 Qc4 37. Qe1 Bc3 38. Qe2 Qd4 39. Qc2 Rd2 40.
Qb3 Bb4 41. Rb1 Qxf2+ 42. Kh1 Qxg2# 0-1

[Event "*** Titled Tuesday Blitz"]
[Site "Chess.com"]
[Date "2021.02.02"]
[Round "6"]
[White "Chopper1905"]
[Black "RD4ever"]
[Result "1-0"]
[WhiteElo "2935"]
[BlackElo "2853"]
[TimeControl "180+1"]
[EndTime "11:09:12 PST"]
[Termination "Chopper1905 won on time"]

1. d4 Nf6 2. c4 g6 3. Nc3 Bg7 4. e4 O-O 5. Be2 d6 6. Be3 e5 7. d5 Na6 8. g4 Nc5 9. f3 h5 10. g5 Nh7 11. h4 f6 12. gxf6 Bxf6 13. Bf2 Be7 14. Kd2 c6 15. Kc2 cxd5 16. cxd5 Bd7 17. Rc1 b5 18. Bxc5 dxc5 19. Bxb5 Bxb5 20. Nxb5 Rb8 21. Nc3 Rf6 22. Kb1 c4 23. Nh3 Bc5 24. f4 Bd4 25. Rh2 Qa5 26. Ka1 Rfb6 27. fxe5 Bxe5 28.
Rg2 Rxb2 29. Rxb2 Bxc3 30. Rxc3 Qxc3 31. Qd2 Qe5 32. Qh2 Re8 33. Qxe5 Rxe5 34. d6 Re8 35. e5 Nf8 36. Re2 Ne6 37. Kb2 Nd4 38. Re4 Nb5 39. Ng5 c3+ 40. Kc2 Kg7 41. d7 1-0

[Event "*** Titled Tuesday Blitz"]
[Site "Chess.com"]
[Date "2021.02.02"]
[Round "6"]
[White "federicosellitti"]
[Black "kagg1125"]
[Result "1-0"]
[WhiteElo "2450"]
[BlackElo "2574"]
[TimeControl "180+1"]
[EndTime "11:09:12 PST"]
[Termination "federicosellitti won by resignation"]

1. e4 e5 2. Nc3 Nf6 3. f4 d5 4. fxe5 Nxe4 5. Qf3 Nxc3 6. dxc3 Be6 7. Qg3 c5 8. Nf3 Nc6 9. Bb5 Qb6 10. Bxc6+ Qxc6 11. Bg5 h6 12. Be3 Qb5 13. O-O-O Qa6 14. a3 O-O-O 15.
Rhf1 Qc6 16. Nh4 g6 17. Nf3 Bg7 18. Qf2 b6 19. Qe2 Kb7 20. Bf4 Rhe8 21. Nd2 Bf5 22. g4 Bc8 23. h3 f6 24. Nf3 Re6 25. Qh2 Rde8 26. exf6 Bxf6 27. Bxh6 Re2 28. Rf2 Qb5 29. Rd3 Rxf2 30. Qxf2 Qc6 31. Bg5 Bg7 32. Qg3 Re4 33.
Re3 Qe6 34. Rxe4 dxe4 35. Nd2 Bd7 36. Qe3 Bc6 37. Bf4 c4 38. Bg3 Bf8 39. Kb1 Bc5 40. Qf4 Bd5 41. h4 e3 42. Nf3 Qe4 43. Qxe4 Bxe4 44. Ng1 Kc6 45. Kc1 Bd6 46. Bxd6 Kxd6 47.
h5 g5 48. Nh3 Bf3 49. h6 Be4 50. Nxg5 Bg6 51. h7 Bxh7 52. Nxh7 Ke5 53. Kd1 1-0

[Event "*** Titled Tuesday Blitz"]
[Site "Chess.com"]
[Date "2021.02.02"]
[Round "6"]
[White "FMJoseHerrera"]
[Black "Szparu"]
[Result "0-1"]
[WhiteElo "2494"]
[BlackElo "2657"]
[TimeControl "180+1"]
[EndTime "11:09:13 PST"]
[Termination "Szparu won on time"]

1. Nf3 c5 2. g3 Nc6 3. Bg2 Nf6 4. d3 g6 5. Nc3 Bg7 6. h4 d5 7. h5 Nxh5 8. Bg5 Nf6 9. Qd2 Bg4 10. O-O-O h5 11.
Nh4 Qd6 12. Nb5 Qd7 13. f3 Be6 14. d4 a6 15. Nc3 Nxd4 16. e4 dxe4 17. fxe4 Ng4 18.
Nd5 Bxd5 19. exd5 O-O 20. Rdf1 Qb5 21. c3 Ne2+ 22. Kc2 Nxg3 23. Rhg1 Nxf1 24. Bxf1 Qa4+ 25. Kb1 Qe4+ 26. Ka1 Rad8 27. Bg2 Qe5 28. Bf4 Qf6 29. Nf3 Rxd5 30. Qxd5 Qxf4 31. Qxc5 Ne3 32. Bh1 Qe4 33. Ne1 Qa4 34. a3 Nc2+ 35. Nxc2 Qxc2 36. Bxb7 Rb8 37. Qc7 Rf8 38. Bd5 e6 39. Ba2 Qf2 40. Rd1 h4 41.
Rh1 Qg3 42. Qxg3 hxg3 43. Rg1 Be5 44. Bb1 Rd8 45. Be4 Rd2 46. Ka2 Bxc3 47. Kb3 Be5 48. Kc4 Rxb2 0-1

[Event "*** Titled Tuesday Blitz"]
[Site "Chess.com"]
[Date "2021.02.02"]
[Round "6"]
[White "MasterSonnevanck23"]
[Black "politeplayer"]
[Result "1-0"]
[WhiteElo "2376"]
[BlackElo "2196"]
[TimeControl "180+1"]
[EndTime "11:09:13 PST"]
[Termination "MasterSonnevanck23 won by resignation"]

1. d4 Nf6 2. c4 c5 3. d5 e6 4. Nc3 exd5 5. cxd5 d6 6. e4 g6 7. Bd3 Bg7 8. h3 O-O 9. Bg5 h6 10. Be3 Re8 11. Nf3 a6 12. a4 c4 13. Bc2 Nbd7 14. O-O Rb8 15. Qd2 h5 16. Bg5 b5 17. axb5 axb5 18. Nd4 b4 19. Nd1 Qc7 20. Nc6 b3 21.
Bb1 Rb7 22. Nc3 Nc5 23. Re1 Bd7 24. e5 dxe5 25. Bxf6 Bxf6 26. Ne4 Nxe4 27. Bxe4 Rb6 28. Ra7 Qd6 29. Qc3 Bg7 30. Qxc4 f5 31. Bf3 e4 32. Bd1 Bxb2 33. Bxb3 Bg7 34. Ba2 Rc8 35. Rb1 Rxb1+ 36. Bxb1 Bxc6 37. dxc6+ Kh8 38. Qf7 Qd1+ 39. Kh2 Qd6+ 40. g3 Qd4 41. Kg2 Rf8 42. Qxg6 f4 43. Qxh5+ Kg8 44. Ba2+ Rf7 45. Qxf7+ Kh8 46. Qh5+ 1-0

[Event "*** Titled Tuesday Blitz"]
[Site "Chess.com"]
[Date "2021.02.02"]
[Round "6"]
[White "Genghis_K"]
[Black "BAS8892"]
[Result "1-0"]
[WhiteElo "2929"]
[BlackElo "2732"]
[TimeControl "180+1"]
[EndTime "11:09:14 PST"]
[Termination "Genghis_K won by resignation"]

1. e4 c6 2. d4 d5 3. exd5 cxd5 4. Bd3 Nc6 5. c3 Qc7 6. h3 Nf6 7. Nf3 e6 8. O-O Bd6 9. Re1 O-O 10. Bg5 Nd7 11.
Nbd2 h6 12. Be3 Nf6 13. Nf1 a6 14. Qe2 b5 15. Rad1 Bd7 16. Bc1 Rfc8 17. Ne5 Be8 18. Nh2 b4 19. Nhg4 Nxg4 20. Nxg4 Bf4 21. Bb1 bxc3 22.
bxc3 h5 23. Ne5 Bxc1 24. Rxc1 Nxe5 25. dxe5 g6 26. Bd3 a5 27. Qe3 Rab8 28. c4 dxc4 29.
Rxc4 Qe7 30. Rec1 Rxc4 31. Bxc4 Rc8 32. Bf1 Rxc1 33. Qxc1 Qb4 34. Qc8 Kf8 35. Qc2 Qd4 36. Qc7 h4 37. a3 a4 38. Qc1 Kg7 39. Qg5 Bc6 40. Qf6+ Kg8 41. Kh2 Bd5 42. Bb5 Qe4 43.
f3 Qf5 44. Bxa4 Qd3 45. Be8 Qd2 46. Bxf7+ Kf8 47. Bxg6+ 1-0

[Event "*** Titled Tuesday Blitz"]
[Site "Chess.com"]
[Date "2021.02.02"]
[Round "6"]
[White "MarcoRiehle"]
[Black "tigra"]
[Result "1-0"]
[WhiteElo "2709"]
[BlackElo "2854"]
[TimeControl "180+1"]
[EndTime "11:09:14 PST"]
[Termination "MarcoRiehle won by checkmate"]

1. e4 e6 2. d4 d5 3. exd5 exd5 4. Nf3 Bf5 5. c4 Bxb1 6. Rxb1 Bb4+ 7. Bd2 Bxd2+ 8.
Qxd2 Nf6 9. c5 O-O 10. Be2 b6 11. O-O bxc5 12. dxc5 a5 13. Nd4 c6 14. a3 Ne4 15.
Qc2 Qf6 16. Rfd1 Qxf2+ 17. Kh1 Qe3 18. g3 Nf2+ 19. Kg2 Nxd1 20. Rxd1 a4 21. Bf3 g6 22. Qc3 Qe7 23. Re1 Qf6 24. Rf1 Qg7 25. Re1 Ra7 26. h4 h5 27. Qb4 Na6 28. Qxa4 Raa8 29. Nxc6 Qxb2+ 30. Re2 Qc1 31. Ne7+ Kh7 32. c6 Nc7 33. Qd4 Rxa3 34. Qe5 Ra1 35. Kh2 Qf1 36. Bg2 Qg1+ 37.
Kh3 Ra7 38. Qf6 Ne8 39. Qg5 d4 40. Qc5 Qa1 41. Nxg6 Rg8 42. Nf8+ Kg7 43. Rxe8 Qd1 44. Qg5+ Kh8 45. Qh6# 1-0

[Event "*** Titled Tuesday Blitz"]
[Site "Chess.com"]
[Date "2021.02.02"]
[Round "6"]
[White "Kale36"]
[Black "catzapto"]
[Result "0-1"]
[WhiteElo "2269"]
[BlackElo "2119"]
[TimeControl "180+1"]
[EndTime "11:09:15 PST"]
[Termination "catzapto won by checkmate"]

1. d4 Nf6 2. Nc3 e6 3. Bg5 d5 4. e4 dxe4 5. Nxe4 Be7 6. Bxf6 Bxf6 7. Nf3 Be7 8. c3 O-O 9. Bd3 b6 10. Qc2 Ba6 11. O-O-O Bxd3 12. Rxd3 Nc6 13. h4 Na5 14. Nfg5 h6 15. Nf6+ Bxf6 16. Rg3 g6 17. Nxe6 Qe7 18.
Nxf8 Kxf8 19. h5 Bg5+ 20. Kb1 Re8 21. Rd1 Qe4 22. hxg6 Qxc2+ 23. Kxc2 fxg6 24. Kd3 b5 25. Rf1 Nc4 26. f4 Nxb2+ 27. Kc2 Re2+ 28. Kb3 Be7 29. Rxg6 a5 30. c4 Nxc4 31. a4 Rb2+ 32. Kc3 Bb4+ 33.
Kd3 Rd2+ 34. Ke4 Re2+ 35. Kd5 Ne3+ 36. Kc6 Nxf1 37. axb5 Kf7 38. Rxh6 Re6+ 39. Rxe6 Kxe6 40. Kxc7 Kd5 41. b6 Bd6+ 42. Kc8 Bxf4 43. g4 Ng3 44. b7 a4 45. g5 Nh5 46. g6 a3 47. Kd7 a2 48.
Ke7 a1=Q 49. Kf7 Qa7 50. g7 Qxb7+ 51. Kg6 Qxg7+ 52. Kf5 Qg5# 0-1

[Event "*** Titled Tuesday Blitz"]
[Site "Chess.com"]
[Date "2021.02.02"]
[Round "6"]
[White "wonderfultime"]
[Black "mishanick"]
[Result "0-1"]
[WhiteElo "3011"]
[BlackElo "2903"]
[TimeControl "180+1"]
[EndTime "11:09:16 PST"]
[Termination "mishanick won by resignation"]

1. d4 Nf6 2. Nf3 d5 3. Bf4 c5 4. c3 Nc6 5. e3 Qb6 6. Qc2 g6 7.
Nbd2 Bg7 8. Be2 O-O 9. O-O Rd8 10.
Qb3 cxd4 11. exd4 Qa5 12. Rfe1 Nh5 13. Be3 Qc7 14. Nf1 Nf4 15. Ng3 Nxe2+ 16. Nxe2 Bg4 17.
Nd2 Qd7 18. Ng3 Rac8 19. h3 Be6 20. Nf3 f6 21. Bf4 Bf7 22. Qc2 Re8 23. Rad1 e5 24.
dxe5 fxe5 25. Be3 d4 26. Qa4 Qd5 27. b3 Qc5 28. cxd4 exd4 29. Bd2 d3 30. Ne4 Qd5 31. Nc3 Qf5 32. Nb5 Qd7 33. Qf4 Bd5 34. Nd6 Rxe1+ 35. Nxe1 Rf8 36. Qg3 Be5 37. Qxd3 Qxd6 38. Bh6 Rd8 39. Bg5 Bf6 40. Qxd5+ Qxd5 41. Rxd5 Rxd5 42. Bxf6 Rd2 43. a4 Rd1 44. Kf1 Rb1 45. Ke2 Rxb3 46. Nd3 Ra3 47. Nb2 Kf7 48. Bh8 Ke6 49.
f4 Kd5 50. Nd1 Ra2+ 51. Kf3 Nd4+ 52. Kg3 Nf5+ 53. Kf3 Ra3+ 54. Kf2 Ke4 55. g4 Nd4 56. Kg2 Ne6 0-1

[Event "*** Titled Tuesday Blitz"]
[Site "Chess.com"]
[Date "2021.02.02"]
[Round "6"]
[White "Sippp"]
[Black "scarabee43"]
[Result "1-0"]
[WhiteElo "2788"]
[BlackElo "2595"]
[TimeControl "180+1"]
[EndTime "11:09:17 PST"]
[Termination "Sippp won by checkmate"]

1. e4 c5 2. Nf3 e6 3. d4 cxd4 4. Nxd4 Nc6 5. Be2 Nf6 6. Nc3 Qc7 7. O-O a6 8. Kh1 Be7 9. f4 d6 10. Be3 O-O 11. Qe1 Bd7 12. Qg3 Rac8 13. Rae1 b5 14. a3 Na5 15. e5 dxe5 16. fxe5 Ne8 17. Ne4 Bc6 18. Nxc6 Nxc6 19. Bf4 Nd4 20. Bd3 g6 21. Nf6+ Bxf6 22. exf6 Qd8 23. Bh6 Nxf6 24. Qe5 Nf5 25.
Bxf5 exf5 26. Bxf8 Kxf8 27. c3 Kg8 28. Rd1 Qb6 29. Rd6 Rc6 30. Rfd1 Rxd6 31. Qxd6 Qxd6 32. Rxd6 Ne4 33. Rxa6 Nf2+ 34. Kg1 Nd3 35. b4 Nb2 36. Ra5 Nd1 37. Rxb5 Nxc3 38. Rc5 Na4 39. Ra5 Nb6 40. Ra6 Nc4 41. b5 Kf8 42. b6 Nd6 43. Ra8+ Ke7 44. b7 Nxb7 45. Ra7 Ke6 46. Rxb7 f4 47. a4 f5 48. a5 g5 49. a6 g4 50. a7 f3 51. a8=Q fxg2 52. Qe8+ Kd5 53. Qd7+ Ke5 54.
Rb5+ Ke4 55. Qxf5+ Ke3 56. Rb3+ Ke2 57. Qd3+ Ke1 58. Rb1# 1-0

[Event "*** Titled Tuesday Blitz"]
[Site "Chess.com"]
[Date "2021.02.02"]
[Round "6"]
[White "xberli"]
[Black "Rogarcia1"]
[Result "1-0"]
[WhiteElo "2496"]
[BlackElo "2260"]
[TimeControl "180+1"]
[EndTime "11:09:17 PST"]
[Termination "xberli won on time"]

1. c4 c6 2. Nc3 d5 3. g3 Nf6 4. Bg2 d4 5. Ne4 e5 6. d3 Be7 7. Nxf6+ Bxf6 8. Nf3 O-O 9. O-O Re8 10. b4 Bf5 11.
Nd2 Qd6 12. b5 Nd7 13. a4 Rab8 14. a5 c5 15. Ne4 Bxe4 16. Bxe4 g6 17. Bg2 Bg7 18. f4 f5 19. fxe5 Nxe5 20. Bf4 Kh8 21. Qd2 Qe7 22. Rae1 Rbd8 23. h3 Bf6 24. a6 b6 25. Rf2 g5 26. Bxe5 Qxe5 27. Kh2 Rf8 28. Ref1 Be7 29. Bd5 h6 30. Kg2 Bd6 31. Rf3 Rde8 32.
R1f2 Rf6 33. Kf1 f4 34. gxf4 Rxf4 35. Rxf4 gxf4 36. Ke1 Rf8 37. Kd1 Qe3 38. Qxe3 dxe3 39. Rg2 Be5 40. Rg6 Kh7 41. Re6 Bd4 42. Re7+ Kg6 43.
Rxa7 Kh5 44. Rf7 Rxf7 45. Bxf7+ Kh4 46. a7 1-0

[Event "*** Titled Tuesday Blitz"]
[Site "Chess.com"]
[Date "2021.02.02"]
[Round "6"]
[White "JTCoach"]
[Black "TimofeevAr"]
[Result "0-1"]
[WhiteElo "2685"]
[BlackElo "2867"]
[TimeControl "180+1"]
[EndTime "11:09:19 PST"]
[Termination "TimofeevAr won by resignation"]

1. d4 d5 2. Nf3 Nf6 3. Bf4 e6 4. e3 c5 5. Nbd2 Bd6 6. Bg3 O-O 7. c3 b6 8. Bd3 Bb7 9. O-O Nc6 10. Qe2 Ne7 11.
Ne5 Nf5 12. Bxf5 exf5 13. Qf3 g6 14. Bh4 Be7 15. Rad1 Qc8 16. Rfe1 h6 17. Nb3 Kg7 18. Qe2 g5 19. Bg3 Ne4 20. Qh5 Qe6 21. Nd2 Nf6 22. Qe2 a5 23. Qb5 Ba6 24. Qc6 Rfc8 25. Qxe6 fxe6 26. f3 a4 27. Nb1 Nh5 28. Bf2 Bd6 29. Nd3 Bxd3 30. Rxd3 c4 31. Rdd1 a3 32. Rd2 b5 33.
Rc2 b4 34. cxb4 Bxb4 35. Ree2 Rcb8 36. bxa3 Bxa3 37. Nxa3 Rxa3 38. h3 f4 39. e4 Nf6 40.
exd5 exd5 41. Rb2 Rxb2 42. Rxb2 Kf7 43. Be1 Nd7 44. Rb5 Ke6 45. Rb2 Rd3 46. Bf2 Rd1+ 47. Kh2 Kd6 48. a4 Ra1 49. Rb4 c3 0-1

[Event "*** Titled Tuesday Blitz"]
[Site "Chess.com"]
[Date "2021.02.02"]
[Round "6"]
[White "markowskitomasz"]
[Black "Sam_ChessMood"]
[Result "0-1"]
[WhiteElo "2643"]
[BlackElo "2839"]
[TimeControl "180+1"]
[EndTime "11:09:19 PST"]
[Termination "Sam_ChessMood won by checkmate"]

1. d4 Nf6 2. Nf3 d5 3. c4 e6 4.
g3 Be7 5. Bg2 O-O 6. O-O dxc4 7.
Qc2 b5 8. a4 b4 9. Nfd2 Nd5 10.
Nxc4 c5 11. dxc5 Ba6 12. Rd1 Nd7 13. e4 N5f6 14. Nd6 Qc7 15. Be3 Ng4 16. e5 Nxe3 17. fxe3 Rab8 18. Nd2 Qxc5 19. Qxc5 Nxc5 20. N2e4 Nb3 21.
Rab1 Be2 22. Re1 Bd3 23. Rbd1 Bc2 24. Bf1 Bxd1 25. Rxd1 Rfd8 26. Bc4 Na5 27. Bb5 Nb7 28. Rd4 f5 29. Nf2 Nxd6 30. exd6 Rxd6 31. Rc4 Bg5 32. Kg2 Bxe3 33. Nh3 Rd2+ 34. Kf3 Bd4 35. Rc7 e5 36. Bc4+ Kh8 37. g4 Rf8 38. g5 Rxh2 39. Kg3 e4 40. Rd7 Be5+ 41. Kh4 Rg2 42. Re7 Rg4+ 43. Kh5 g6+ 44.
Kh6 Rh4# 0-1

[Event "*** Titled Tuesday Blitz"]
[Site "Chess.com"]
[Date "2021.02.02"]
[Round "6"]
[White "MF1966Idrisov"]
[Black "mikolka1985"]
[Result "0-1"]
[WhiteElo "2397"]
[BlackElo "2570"]
[TimeControl "180+1"]
[EndTime "11:09:19 PST"]
[Termination "mikolka1985 won on time"]

1. Nf3 Nf6 2. b3 g6 3. Bb2 Bg7 4.
c4 O-O 5. g3 d6 6. d4 Nc6 7.
Bg2 Rb8 8. Nc3 a6 9. O-O b5 10. cxb5 axb5 11. d5 Na7 12. b4 Bd7 13. Nd4 e5 14. Nc6 Nxc6 15. dxc6 Be6 16. Nd5 Bxd5 17. Bxd5 e4 18. Bxf6 Bxf6 19. Rc1 Re8 20. Qb3 Re7 21. e3 Qe8 22. f3 exf3 23. Rxf3 Bg7 24. Rcf1 Kh8 25.
Bxf7 Qxc6 26. Bd5 Qe8 27. Rf7 Rxe3 28. Qc2 Re7 29. Qc6 Qxc6 30. Bxc6 Rxf7 31. Rxf7 Bd4+ 32. Kg2 Rc8 33. Bxb5 c6 34. Ba6 Ra8 35. Bb7 Rxa2+ 36. Kh3 Bg1 37. Bxc6 Rxh2+ 38. Kg4 Be3 39. Rd7 Rd2 40.
b5 h5+ 41. Kf3 Bc5 42. Kf4 Rd4+ 43. Kg5 Rg4+ 44. Kf6 Rxg3 45. Be4 Bd4+ 46. Ke6 h4 0-1

[Event "*** Titled Tuesday Blitz"]
[Site "Chess.com"]
[Date "2021.02.02"]
[Round "6"]
[White "Marcin"]
[Black "Coiote53"]
[Result "0-1"]
[WhiteElo "2498"]
[BlackElo "2373"]
[TimeControl "180+1"]
[EndTime "11:09:19 PST"]
[Termination "Coiote53 won by resignation"]

1. d4 Nf6 2. c4 g6 3. Nc3 Bg7 4.
e4 d6 5. Nf3 O-O 6. Be2 Na6 7.
O-O e5 8. h3 c6 9. Be3 exd4 10. Nxd4 Re8 11. Qc2 Nb4 12. Qb1 a5 13. Re1 d5 14. exd5 cxd5 15. c5 Rxe3 16. fxe3 Qe7 17.
Bf3 Qxc5 18. a3 Nc6 19. Qd3 Ne5 20. Qb5 Qd6 21. Bxd5 Bd7 22. Qb3 a4 23. Qa2 Re8 24. Rad1 Qe7 25. Bxb7 Bxh3 26. Bc6 Nxc6 27. Nxc6 Qb7 28.
gxh3 Qxc6 29. Nd5 Qc8 30. Nf4 Ne4 31. Qd5 g5 32. Rc1 Qb8 33. Nh5 Qxb2 34. Rf1 Qb3 35. Qxb3 axb3 36. Nxg7 Kxg7 37. Rc7 Nf6 38. Rb7 Rxe3 39. Kg2 b2 40. a4 Ra3 41. Rb4 Ra1 42.
Rxb2 Rxa4 43. Rb5 h6 44. Rbf5 Ra6 45. R1f2 Kg6 46. Kh2 Re6 47. Kg2 Ne4 48. R2f3 f6 49. Ra5 Rc6 50. Re3 Rc2+ 51. Kf3 Nd2+ 52. Kg3 Nc4 0-1

[Event "*** Titled Tuesday Blitz"]
[Site "Chess.com"]
[Date "2021.02.02"]
[Round "6"]
[White "jens1102"]
[Black "KRSilva"]
[Result "0-1"]
[WhiteElo "2407"]
[BlackElo "2222"]
[TimeControl "180+1"]
[EndTime "11:09:19 PST"]
[Termination "KRSilva won by checkmate"]

1. e4 c5 2. Nf3 d6 3. d4 cxd4 4. Nxd4 Nf6 5. Nc3 a6 6. Bg5 e6 7.
f4 h6 8. Bh4 Qb6 9. Qd2 Qxb2 10.
Rb1 Qa3 11. Bxf6 gxf6 12. f5 Nc6 13. fxe6 fxe6 14. Bc4 Nd8 15. O-O Qc5 16. Be2 Nc6 17. Rbd1 e5 18. Bh5+ Kd8 19. Ne2 exd4 20. Qf4 Be7 21.
Ng3 Be6 22. Bg4 Bxg4 23. Qxg4 Kc7 24. Nf5 Rag8 25. Qf3 Rg6 26. Kh1 Rhg8 27. Rd2 Qc3 28. Qd1 Bf8 29. Rf3 Qc5 30. Qf1 h5 31. Nh4 Rg4 32. Rxf6 Be7 33. Rf5 Qc3 34. Rd3 Qxc2 35. Rf2 Qc5 36. Nf5 Bg5 37. Qd1 Be3 38. Rc2 Qe5 39. h3 Rg3 40. Qxh5 Qf4 41. Qf7+ Kb8 42.
Rd1 R8g7 43. Qf8+ Ka7 44. Rb2 Rh7 45. Qxd6 Rhxh3+ 46. gxh3 Rxh3+ 47. Kg2 Qf3# 0-1

[Event "*** Titled Tuesday Blitz"]
[Site "Chess.com"]
[Date "2021.02.02"]
[Round "6"]
[White "rududuyk"]
[Black "Abdimalik_Abdisalimov"]
[Result "1-0"]
[WhiteElo "2154"]
[BlackElo "2309"]
[TimeControl "180+1"]
[EndTime "11:09:19 PST"]
[Termination "rududuyk won by checkmate"]

1. e4 e5 2. Nf3 Nc6 3. Bb5 Nf6 4.
O-O Nxe4 5. d4 Nd6 6. Bxc6 dxc6 7. dxe5 Nf5 8. Qxd8+ Kxd8 9. Nc3 Ke8 10. h3 h5 11. Rd1 Be7 12. Ne2 Be6 13. Bg5 Rd8 14. Rxd8+ Kxd8 15. Nf4 Bxg5 16. Nxg5 Ke7 17. Nfxe6 fxe6 18. Rd1 c5 19. f4 Nd4 20. c3 Ne2+ 21. Kf2 Nxf4 22. Ne4 b6 23. Rd2 Rd8 24. Rxd8 Kxd8 25. Kg3 Nd3 26. Kh4 Nxe5 27. Kxh5 Ke7 28. g4 c4 29. g5 Kf7 30. h4 Nd3 31. Kg4 Nxb2 32. h5 Nd3 33. g6+ Ke7 34. Kg5 Ne5 35. h6 gxh6+ 36.
Kxh6 b5 37. g7 Nf7+ 38. Kg6 Ne5+ 39. Kh7 b4 40. g8=Q bxc3 41. Nxc3 Kd6 42. Qg3 Kc5 43.
Qxe5+ Kb6 44. Qxe6+ Kb7 45. Qxc4 c6 46. Qc5 Kc7 47. Na4 Kd7 48. Kg6 Kc7 49. Kf6 Kb7 50. Ke6 Ka6 51. Kd6 Kb7 52. Qxc6+ Kb8 53. Qc7+ Ka8 54. Qd7 a5 55. Kc6 Kb8 56. Qb7# 1-0

[Event "*** Titled Tuesday Blitz"]
[Site "Chess.com"]
[Date "2021.02.02"]
[Round "6"]
[White "ChampStan"]
[Black "Oligan22"]
[Result "1-0"]
[WhiteElo "2177"]
[BlackElo "2510"]
[TimeControl "180+1"]
[EndTime "11:09:20 PST"]
[Termination "ChampStan won on time"]

1. d4 d5 2. c4 e6 3. Nc3 a6 4.
cxd5 exd5 5. Nf3 Nf6 6. Bg5 Be6 7. e3 Nbd7 8. Bd3 c5 9. O-O Rc8 10. Ne5 Qc7 11. Nxd7 Nxd7 12. Qf3 Qc6 13. e4 Nb6 14. Rfe1 h6 15. Bf4 Rd8 16. exd5 Nxd5 17. Be4 Be7 18. Bxd5 Bxd5 19. Qe3 Rd7 20. Qe5 Kf8 21. Qb8+ Rd8 22. Qe5 Bf6 23. Qf5 cxd4 24. Nxd5 Qxd5 25. Qh3 Kg8 26. Rac1 Kh7 27. Rc7 Rhf8 28. Qd3+ Kg8 29. h3 Rd7 30. Rc2 Rfd8 31. Rce2 Rf8 32. b3 Rdd8 33. Qg3 Kh7 34. Qd3+ Kg8 35. Qg3 Kh8 36. Qd3 Qd7 37. Be5 Bxe5 38. Rxe5 Qd6 39. Re7 b5 40. R1e4 Qf6 41. R7e5 Rd6 42. Rh5 Kg8 43. Rhh4 Rfd8 44. Rhg4 1-0